Map: Frost LE

Players

Fropez - Winner!

  • Race: Protoss Protoss
  • League: Silver
  • Spawn Location: 1:00

won

  • Race: Terran Terran
  • League: Silver
  • Spawn Location: 11:00

VOD

Have the link to the VOD?

Description

Time

  • Played on: June 23, 2016, 11:53 a.m.
  • Length: 6:01
Show
View Real Time Build Order
Export as new Build Order

Fropez Protoss - Winner!

Build Orders: Mass Adepts 

Get SALT Encoding   

  12  0:10  Pylon  
  12  0:14  Probe (Chrono Boost)  
  13  0:25  Probe (Chrono Boost)  
  14  0:32  Gateway  
  14  0:37  Probe (Chrono Boost)  
  15  0:49  Pylon  
  15  0:50  Probe (Chrono Boost)  
  16  1:03  Probe (Chrono Boost)  
  17  1:06  Assimilator  
  17  1:13  Probe (Chrono Boost)  
  18  1:20  Cybernetics Core  
  18  1:24  Probe (Chrono Boost)  
  19  1:31  Gateway  
  19  1:35  Pylon  
  19  1:40  Probe (Chrono Boost)  
  20  1:51  Probe (Chrono Boost)  
  21  2:02  Adept  
  23  2:11  Probe (Chrono Boost), Assimilator  
  23  2:15  Warp Gate (Chrono Boost)  
  23  2:18  Pylon  
  23  2:21  Probe (Chrono Boost)  
  24  2:27  Adept  
  26  2:32  Probe (Chrono Boost)  
  26  2:34  Adept  
  29  2:41  Gateway  
  30  2:54  Adept  
  31  2:59  Pylon  
  31  3:02  Adept  
  32  3:19  Mothership Core  
  34  3:24  Adept  
  36  3:41  Probe  
  37  3:46  Adept  
  39  3:49  Adept  
  39  3:51  Adept  
  43  4:03  Pylon  
  43  4:06  Probe  
  44  4:18  Twilight Council, Forge  
  40  4:58  Adept  
  42  5:00  Adept x2  
  44  5:31  Probe  
  44  5:32  Gateway  
  35  5:51  Adept x3  
  35  5:52  Nexus  
Show
View Real Time Build Order
Export as new Build Order

won Terran 

Build Orders:  

Get SALT Encoding   

  12  0:01  SCV  
  13  0:13  SCV  
  14  0:22  Supply Depot  
  14  0:25  SCV  
  15  0:37  Refinery  
  15  0:45  Barracks  
  15  0:47  SCV  
  16  1:02  SCV  
  17  1:12  Supply Depot  
  17  1:14  SCV  
  18  1:26  SCV  
  19  1:42  Marine  
  19  1:46  Orbital Command  
  20  1:50  Refinery  
  20  2:03  Marine  
  21  2:13  SCV  
  22  2:18  Factory  
  22  2:21  Marine  
  22  2:22  Barracks  
  23  2:25  SCV  
  24  2:44  Marine  
  24  2:45  SCV  
  26  3:12  Marine x2  
  27  3:15  SCV  
  27  3:17  Factory Tech Lab  
  29  3:22  Starport  
  29  3:25  Engineering Bay  
  29  3:32  Marine x2  
  30  3:37  Bunker  
  30  3:39  SCV  
  31  3:45  Supply Depot  
  31  3:53  Barracks Tech Lab  
  31  3:54  Barracks Tech Lab  
  31  4:04  Starport Reactor  
  31  4:06  Widow Mine  
  33  4:10  SCV  
  33  4:12  Command Center  
  33  4:17  Missile Turret  
  34  4:18  Missile Turret  
  34  4:19  Marauder  
  36  4:24  SCV  
  19  5:03  Marine  
  15  5:25  SCV  
  15  5:27  Marine x2  
Tags
 
Composition
Mass Adepts
Matchup
PvT
Replay Pack
All Mines
Spawn Locations
Close Positions
Add a new tag
Caveats
  • Supply blocks, unpowered buildings, or Contaminate may cause inaccurate times.
  • Supply counts are checked every 10 seconds.